AoeStats
← 1horsepower

Arena

510748117Analyzed
2v2 RM · 8h ago on Oct 2, 2026· 52m 19s· 4 players
Game mode
Random Map
Map size
Medium (4 player)
Population
200
Speed
Normal
Resources
Standard
Victory
Conquest
Starting age
Dark Age
Ending age
Imperial Age
RankedLock teamsTeams togetherTeam positionsShared explorationLock speedFull tech treeHidden civsTurbo modeCheats
Victory
Defeat
🇭🇷 Cumans · Croatia
744
+14
🇮🇱 Persians · Israel
734
+15
🇬🇧 Persians · United Kingdom
800
-18
🇬🇧 Japanese · United Kingdom
618
-11
Warmhandz
11:53 Feudal Age
12:23 Horse Collar
12:30 Double-Bit Axe
22:07 Castle Age
21:26 Padded Archer Armor
21:19 Fletching
26:23 Pikeman
27:05 Squires
27:15 Scale Mail Armor
27:29 Forging
49:53 Ballistics
49:46 Fortified Wall
50:33 Loom
Delacoal
11:17 Feudal Age
12:10 Horse Collar
12:16 Double-Bit Axe
16:55 Castle Age
16:20 Loom
18:18 Bow Saw
18:10 Heavy Plow
25:16 Gold Mining
31:27 Crossbowman
33:14 Ballistics
38:38 Kamandaran
44:41 Imperial Age
43:13 Thumb Ring
44:57 Padded Archer Armor
44:47 Fletching
47:10 Stone Mining
51:41 Gold Shaft Mining
51:41 Stone Shaft Mining
51:42 Bodkin Arrow
52:03 Leather Archer Armor
52:00 Forging
51:55 Scale Barding Armor
52:16 Conscription
52:25 Bloodlines
52:15 Husbandry
51:35 Cavalier
1horsepower
0:28 Loom
11:00 Feudal Age
11:52 Double-Bit Axe
13:14 Horse Collar
18:55 Castle Age
17:15 Gold Mining
17:43 Stone Mining
19:51 Bow Saw
19:43 Heavy Plow
30:20 Imperial Age
30:32 Husbandry
30:43 Bloodlines
31:20 Crop Rotation
31:58 Two-Man Saw
32:24 Cavalier
32:57 Town Watch
33:47 Wheelbarrow
33:37 Elite War Elephant
34:29 Citadels
36:16 Chemistry
37:41 Town Patrol
37:11 Savar
44:47 Scale Barding Armor
44:43 Scale Mail Armor
44:43 Padded Archer Armor
44:34 Fletching
44:54 Forging
50:45 Chain Barding Armor
50:41 Chain Mail Armor
50:41 Leather Archer Armor
50:22 Bodkin Arrow
51:02 Iron Casting
Antheus Inmitis
0:35 Loom
10:35 Feudal Age
11:29 Double-Bit Axe
13:02 Wheelbarrow
16:52 Man-at-Arms
22:01 Scale Mail Armor
22:12 Forging
25:12 Castle Age
23:00 Horse Collar
26:13 Chain Mail Armor
26:33 Iron Casting
26:25 Bow Saw
26:00 Pikeman
28:56 Squires
31:03 Scale Barding Armor
34:23 Chain Barding Armor
39:15 Bloodlines
40:29 Gold Mining
40:35 Stone Mining
43:28 Gold Shaft Mining
43:38 Hand Cart
44:22 Heavy Plow
51:32 Caravan
50:58 Long Swordsman
Connection lost

Rejoining the realm…

Still unreachable

The connection could not be restored.

Session expired

The server has moved on; the page needs a fresh start.